Map: Echo LE (Void)

Players

Fropez

  • Race: Protoss Protoss
  • League: Gold
  • Spawn Location: 5:00

VonTonks - Winner!

  • Race: Protoss Protoss
  • League: Platinum
  • Spawn Location: 11:00

VOD

Have the link to the VOD?

Description

Time

  • Played on: Jan. 17, 2017, 12:50 p.m.
  • Length: 3:54
Show
View Real Time Build Order
Export as new Build Order

Fropez Protoss 

Build Orders:  

Get SALT Encoding   

  12  0:01  Probe (Chrono Boost)  
  13  0:11  Probe (Chrono Boost)  
  14  0:19  Pylon  
  14  0:22  Probe (Chrono Boost)  
  15  0:38  Gateway  
  15  0:39  Probe (Chrono Boost)  
  16  0:45  Assimilator  
  16  0:49  Probe (Chrono Boost)  
  17  1:18  Pylon  
  17  1:24  Assimilator  
  17  1:28  Probe (Chrono Boost)  
  18  1:34  Cybernetics Core  
  18  1:39  Probe (Chrono Boost)  
  19  1:49  Probe (Chrono Boost)  
  20  1:55  Nexus  
  20  2:00  Probe (Chrono Boost)  
  21  2:10  Probe (Chrono Boost)  
  21  2:13  Adept  
  23  2:21  Probe (Chrono Boost)  
  24  2:29  Gateway  
  24  2:32  Probe (Chrono Boost)  
  25  2:37  Pylon  
  25  2:41  Adept  
  25  2:42  Probe (Chrono Boost)  
  28  2:53  Mothership Core (Chrono Boost)  
  30  3:16  Adept  
  30  3:17  Adept  
  32  3:48  Pylon  
Show
View Real Time Build Order
Export as new Build Order

VonTonks Protoss - Winner!

Build Orders:  

Get SALT Encoding   

  12  0:01  Probe (Chrono Boost)  
  13  0:11  Probe (Chrono Boost)  
  14  0:22  Probe (Chrono Boost)  
  14  0:27  Pylon  
  15  0:45  Gateway  
  15  0:49  Probe (Chrono Boost), Gateway  
  16  0:59  Assimilator  
  16  1:00  Probe (Chrono Boost)  
  17  1:09  Pylon  
  17  1:10  Probe (Chrono Boost)  
  18  1:37  Zealot  
  18  1:39  Cybernetics Core, Zealot  
  22  1:46  Probe (Chrono Boost)  
  23  1:50  Assimilator  
  23  1:59  Probe (Chrono Boost)  
  23  2:00  Pylon  
  24  2:12  Stalker  
  25  2:16  Probe (Chrono Boost)  
  25  2:18  Adept  
  29  2:28  Probe (Chrono Boost)  
  30  2:40  Probe (Chrono Boost)  
  30  2:41  Adept  
  31  2:50  Adept  
  37  2:53  Mothership Core (Chrono Boost)  
  37  3:18  Stalker  
  39  3:22  Pylon  
Tags
 
Matchup
PvP
Replay Pack
All Mines
Spawn Locations
Cross Positions
Add a new tag
Caveats
  • Supply blocks, unpowered buildings, or Contaminate may cause inaccurate times.
  • Supply counts are checked every 10 seconds.